Map: Cerulean Fall LE

Players

Piroxiljin

  • Race: Terran Terran
  • Spawn Location: 1:00

A.I. 1 (Hard) - Winner!

  • Race: Terran Terran
  • Spawn Location: 7:00

VOD

Have the link to the VOD?

Description

Time

  • Played on: Jan. 19, 2019, 7:57 a.m.
  • Length: 5:28
Show
View Real Time Build Order
Export as new Build Order

Piroxiljin Terran 

Build Orders: Mech 

Get SALT Encoding   

  12  0:01  SCV  
  13  0:13  SCV  
  14  0:19  Supply Depot  
  14  0:27  SCV  
  15  0:33  Refinery  
  15  0:38  Refinery  
  15  0:41  SCV  
  16  0:57  Barracks  
  16  1:03  SCV  
  17  1:15  SCV  
  18  1:27  SCV  
  19  1:39  SCV  
  20  1:45  Supply Depot  
  20  1:49  Barracks Tech Lab  
  20  1:51  Orbital Command  
  20  2:05  Engineering Bay  
  20  2:09  Marauder  
  22  2:16  Factory  
  22  2:19  Concussive Shells  
  22  2:26  SCV  
  23  2:35  Marauder  
  25  2:39  Terran Infantry Weapons Level 1  
  25  2:42  SCV  
  26  2:56  SCV  
  27  3:15  Starport  
  27  3:17  Barracks Tech Lab  
  27  3:19  SCV  
  28  3:25  Hellion  
  30  3:39  Factory, Combat Shield  
  30  3:41  SCV  
  31  3:56  Supply Depot  
  31  3:59  Supply Depot  
  31  4:17  Cyclone, Medivac  
  31  4:18  Factory  
  34  4:49  Siege Tank  
Show
View Real Time Build Order
Export as new Build Order

A.I. 1 (Hard) Terran - Winner!

Build Orders:  

Get SALT Encoding   

  12  0:00  SCV  
  13  0:13  SCV  
  14  0:19  Supply Depot  
  14  0:25  SCV  
  15  0:40  SCV  
  16  0:45  Barracks  
  16  0:50  Refinery  
  16  0:53  SCV  
  17  1:05  SCV  
  18  1:17  SCV  
  19  1:22  Supply Depot  
  20  1:32  SCV, Marine  
  21  1:45  Orbital Command  
  21  1:52  Barracks Tech Lab, Supply Depot  
  21  2:02  Barracks  
  21  2:10  Marine  
  22  2:23  SCV  
  22  2:28  Marauder  
  25  2:31  Refinery  
  25  2:35  SCV  
  26  2:38  Supply Depot  
  26  2:47  SCV, Engineering Bay  
  26  2:48  Marine  
  26  2:49  Marine  
  29  2:59  SCV  
  30  3:06  Marine  
  30  3:07  Marine  
  30  3:11  SCV  
  33  3:23  SCV  
  33  3:24  Marine  
  33  3:25  Marauder  
  37  4:06  Barracks Tech Lab, Reaper  
  37  4:07  Factory  
  38  4:14  Missile Turret  
  38  4:19  Missile Turret  
  38  4:24  Marine  
  39  4:26  Supply Depot  
  39  4:30  SCV  
  41  4:38  Marauder  
  41  4:42  Bunker, Marauder  
  43  4:53  Factory Tech Lab  
  42  5:00  Marauder  
  42  5:03  Marine  
  42  5:04  Factory  
Tags
 
Composition
Mech
Matchup
TvT
Race
Terran
Spawn Locations
Cross Positions
Add a new tag
Caveats
  • Supply blocks, unpowered buildings, or Contaminate may cause inaccurate times.
  • Supply counts are checked every 10 seconds.